 Dungeon Crawl Stone Soup version 0.28.0-53-g5a82cb258f (webtiles) character file.

Game seed: 8612066052467698922

481 Sin92 the Chiller (level 6, -6/46 HPs)
             Began as a Demonspawn Ice Elementalist on July 19, 2022.
             Killed by divine providence
             ... invoked by an orc priest
              (7 damage)
             ... on level 6 of the Dungeon.
             The game lasted 00:06:59 (4301 turns).

Sin92 the Chiller (Demonspawn Ice Elementalist)     Turns: 4301, Time: 00:07:00

Health: -6/46      AC:  8    Str: 14    XL:     6   Next: 87%
Magic:  10/10      EV:  9    Int: 17    God:
Gold:   228        SH:  0    Dex: 16    Spells: 7/11 levels left

rFire   . . .      SeeInvis +   f - +7 mace of Destiny {vamp, rC- Str+4 SInv}
rCold   x x .      Faith    .   (no shield)
rNeg    . . .      Spirit   .   b - +1 scale mail
rPois   .          Reflect  +   (no helmet)
rElec   .          Harm     .   g - +0 cloak
rCorr   .          Rampage  .   (no gloves)
Will    .....                   (no boots)
Stlth   ..........              e - amulet of Hiuq {Reflect rC- Dex+3 SH+5}
HPRegen 0.15/turn               (no ring)
MPRegen 0.12/turn               (no ring)

@: confused
A: hooves 1, large bone plates 1, spiny 2
a: no special abilities


You were on level 6 of the Dungeon.
You visited 1 branch of the dungeon, and saw 4 of its levels.

You collected 228 gold pieces.

Inventory:

Hand Weapons
 c - a +1 whip of freezing
 f - the +7 mace of Destiny (weapon) {vamp, rC- Str+4 SInv}
   (You found it on level 2 of the Dungeon)

   It occasionally heals its wielder for a portion of the damage dealt when it
   wounds a living foe.
   Str:       It affects your strength (+4).
   rC:        It makes you vulnerable to cold.
   SInv:      It lets you see invisible.
Armour
 a - a +0 robe
 b - a +1 scale mail (worn)
 g - a +0 cloak (worn)
Jewellery
 e - the amulet of Hiuq (around neck) {Reflect rC- Dex+3 SH+5}
   (You acquired it on level 3 of the Dungeon)

   [amulet of reflection]

   It reflects blocked missile attacks.
   Dex:       It affects your dexterity (+3).
   rC:        It makes you vulnerable to cold.
   SH:        It affects your SH (+5).
Scrolls
 d - a scroll of identify
 h - a scroll of teleportation


   Skills:
 + Level 2.6 Fighting
 * Level 3.6 Maces & Flails
 + Level 2.3 Armour
 - Level 1.7 Dodging
 - Level 1.7 Stealth
 + Level 3.1 Spellcasting
 + Level 4.4 Ice Magic


You had 7 spell levels left.
You knew the following spells:

 Your Spells              Type           Power      Damage    Failure   Level
a - Freeze                Ice            68%        1d8       12%         1
b - Frozen Ramparts       Ice            34%        1d5       34%         3

Your spell library contained the following spells:

 Spells                   Type           Power      Damage    Failure   Level
 Ozocubu's Armour         Ice            17%        N/A       34%         3
 Hailstorm                Conj/Ice       10%        3d5       96%         4


Dungeon Overview and Level Annotations

Branches:
Dungeon (3/15)

Altars:

Shops:
D:1 =   D:6 (


Innate Abilities, Weirdness & Mutations

You have large cloven feet.
You are partially covered in large bone plates. (SH +4)
You are mostly covered in sharp spines.


Message History

You hit the wyvern zombie.
The wyvern zombie is moderately damaged.
The wyvern zombie is struck by your spines.
The wyvern zombie bites you but does no damage.
The wyvern zombie is struck by your spines.
The wyvern zombie bites you but does no damage.
You hit the wyvern zombie. You kick the wyvern zombie.
The wyvern zombie is severely damaged.
The wyvern zombie is struck by your spines.
The wyvern zombie bites you!
* * * LOW HITPOINT WARNING * * *
The wyvern zombie misses you.
You hit the wyvern zombie but do no damage.
The wyvern zombie is almost destroyed.
The wyvern zombie is struck by your spines.
You destroy the wyvern zombie!
Okay, then.
The orc wizard points at you and mumbles some strange words.
You are confused.
You aren't carrying any potions.
You bump into the rock wall.
The orc wizard gestures at you while chanting.
The puff of flame hits you!
* * * LOW HITPOINT WARNING * * *
The orc wizard gestures at you while chanting.
You resist with some effort.
You bump into the rock wall.
The orc wizard points at you and mumbles some strange words.
The magic dart hits you.
* * * LOW HITPOINT WARNING * * *
You closely miss the orc wizard.
The orc wizard points at you and mumbles some strange words.
The puff of flame hits you but does no damage.
The orc priest looks encouraged for a moment.
Unknown command.
The orc wizard casts a spell at you.
You are more confused.
The orc priest calls down the wrath of Beogh upon you.
Beogh smites you!
You die...

##.. ... #.. #.# ... #o#
.... #o# .(.
#o####+##.###### #
##.####.................
#......@............. ..
##########.........###..
#..............
###............
#.........#..
#............
#.....#+#.##.
#######.#.##. #......


You could see an orc priest, an orc wizard and an orc.

Vanquished Creatures
  An ice beast (D:6)
  A sky beast (D:6)
  A water moccasin zombie (D:6)
  A wyvern zombie (D:6)
  Crazy Yiuf (D:2)
  An orc priest (D:6)
  Jessica (D:2)
  An orc wizard (D:6)
  3 adders
  An orc (D:6)
  4 ball pythons
  9 endoplasms
  A giant cockroach (D:2)
  4 goblins
  5 hobgoblins
  4 kobolds
  A quokka (D:1)
  3 bats
  4 frilled lizards (D:1)
  3 rats
50 creatures vanquished.

Vanquished Creatures (others)
  9 plants
  5 toadstools (D:2)
  4 withered plants (D:1)
18 creatures vanquished.

Grand Total: 68 creatures vanquished

Notes
Turn   | Place    | Note
-------+----------+-------------------------------------------
     0 | D:1      | Sin92 the Demonspawn Ice Elementalist began the quest for
                  | the Orb.
     0 | D:1      | Reached XP level 1. HP: 13/13 MP: 3/3
   344 | D:1      | Found Deqiut's Jewellery Shoppe.
   402 | D:1      | Gained mutation: You are partially covered in large bone
                  | plates. (SH +4) [demonic ancestry]
   402 | D:1      | Reached XP level 2. HP: 3/20 MP: 1/5
  1066 | D:1      | Reached skill level 1 in Maces & Flails
  1618 | D:1      | Found a faded altar of an unknown god.
  1952 | D:1      | Reached XP level 3. HP: 25/25 MP: 6/6
  2091 | D:1      | Learned a level 3 spell: Frozen Ramparts
  2346 | D:2      | Reached skill level 1 in Fighting
  2463 | D:2      | Reached skill level 1 in Armour
  2504 | D:2      | Noticed Jessica
  2516 | D:2      | Killed Jessica
  2517 | D:2      | Gained mutation: You are partially covered in sharp spines.
                  | [demonic ancestry]
  2517 | D:2      | Reached XP level 4. HP: 23/32 MP: 4/7
  2944 | D:2      | Found a runed translucent door.
  2945 | D:2      | Noticed Crazy Yiuf
  3395 | D:3      | Identified a scroll of acquirement
  3395 | D:3      | Acquired the amulet of Hiuq {Reflect rC- Dex+3 SH+5}
  3498 | D:2      | Killed Crazy Yiuf
  3499 | D:2      | Reached skill level 4 in Ice Magic
  3503 | D:2      | Identified the +7 mace of Destiny {vamp, rC- Str+4 SInv}
  3845 | D:3      | You fall into a shaft and drop 3 floors!
  3845 | D:6      | Found Refioj's Weapon Emporium.
  3849 | D:6      | Noticed a sky beast
  3858 | D:6      | Killed a sky beast
  3859 | D:6      | Gained mutation: You are mostly covered in sharp spines.
                  | [demonic ancestry]
  3859 | D:6      | Reached XP level 5. HP: 38/38 MP: 7/9
  3975 | D:6      | Gained mutation: You have large cloven feet. [demonic
                  | ancestry]
  3975 | D:6      | Reached XP level 6. HP: 22/44 MP: 10/10
  4197 | D:6      | Noticed an ice beast
  4203 | D:6      | Killed an ice beast
  4296 | D:6      | HP: 1/46 [orc wizard/puff of flame (10)]
  4301 | D:6      | Killed from afar by an orc priest

Illustrated notes

Levels and vault maps discovered:
D:1:      dpeg_arrival_solitude, layout_basic, serial_shops,
          nicolae_square_shop, shapermc_ecumenical_altar_flowoftime
D:2:      layout_rooms, minmay_gold_behind_fungi, serial_bayou_ford_a,
          uniq_jessica, uniq_crazy_yiuf_cottage
D:3:      layout_basic, dancing_weapons_uskayaw
D:6:      layout_basic, serial_shops, nicolae_shop_waterfront,
          bh_walls_and_bars, uniq_eustachio

Skill      XL: |  1  2  3  4  5  6 |
---------------+-------------------+-----
Maces & Flails | 1 2 3 |  3.6
Fighting       | 1 2 |  2.6
Armour         | 1 2 |  2.3
Ice Magic      | 4 |  4.4
Spellcasting   | 3 |  3.1
Dodging        | |  1.7
Stealth        | |  1.7

Action                   |  1- 3 |  4- 6 || total
-------------------------+-------+-------++-------
Melee: Whip              |   104 |    18 ||   122
       Mace              |       |    31 ||    31
       Kick              |       |     5 ||     5
 Cast: Freeze            |    21 |     2 ||    23
  Use: Scroll            |     1 |     8 ||     9
Armor: Scale mail        |    49 |    23 ||    72
Dodge: Dodged            |    46 |    14 ||    60
Block: Other             |    18 |    16 ||    34
